 Dungeon Crawl Stone Soup version 0.30-a0-1043-g60ff8d5f49 (webtiles) character file.

Game seed: 14566832697268375907

100 Elsrick the Magician (level 5, -4/35 HPs)
             Began as a Djinni Fire Elementalist on Apr 11, 2023.
             Was an Initiate of Makhleb.
             Slain by an orc priest
             ... wielding a +0 mace
              (8 damage)
             ... on level 3 of the Dungeon.
             The game lasted 00:14:01 (1857 turns).

Elsrick the Magician (Djinni Fire Elementalist)     Turns: 1857, Time: 00:14:02

Health: -4/35      AC:  3    Str:  7    XL:     5   Next: 3%
Gold:   85         EV: 12    Int: 18    God:    Makhleb [......] SH:  5 Dex: 14

rFire   + + .      SeeInvis .    d - +1 spear (flame)
rCold   x . .      Faith    .    (no shield)
rNeg    . . .      Spirit   .    a - +0 robe
rPois   ∞          Reflect  +    (no helmet)
rElec   .          Rampage  .    (no cloak)
rCorr   .                        h - +0 pair of gloves
Will    .....                    (boots unavailable)
Stlth   ++                       l - amulet of reflection
HPRegen 0.25/turn                (no ring)
MPRegen 0.00/turn                (no ring)

@: flying
A: sickness immunity, fire resistance 2, cold vulnerability 1, float, innate
caster, HP casting, extra vitality 1
a: Renounce Religion


You were on level 3 of the Dungeon.
You worshipped Makhleb.
Makhleb was noncommittal.
You visited 1 branch of the dungeon, and saw 3 of its levels.

You collected 85 gold pieces.

Inventory:

Hand Weapons
 d - a +1 spear of flaming (weapon)
Armour
 a - a +0 robe (worn)
 h - a +0 pair of gloves (worn)
Jewellery
 l - an amulet of reflection (around neck)
Scrolls
 c - a scroll of teleportation
 e - 2 scrolls of torment {unknown}
 i - a scroll of blinking {unknown}
 p - a scroll of noise {unknown}
 r - a scroll of identify {unknown}
Potions
 b - 2 potions of degeneration {unknown}
 f - a potion of mutation {unknown}
 j - 2 potions of curing
 k - 2 potions of attraction {unknown}
 m - a potion of lignification {unknown}
 n - a potion of haste {unknown}
 q - a potion of magic {unknown}
 s - a potion of might {unknown}


   Skills:
 + Level 0.1 Fighting
 + Level 0.4 Polearms
 + Level 2.8 Dodging
 + Level 2.1 Stealth
 + Level 0.1 Shields
 + Level 3.6 Spellcasting


You knew the following spells:

 Your Spells              Type           Power      Damage    Failure   Level
a - Foxfire               Conj/Fire      64%        2x1d7     3%          1
b - Scorch                Fire           32%        2d6       5%          2
c - Volatile Blastmotes   Fire/Tloc      32%        2d12      11%         3
d - Inner Flame           Hex/Fire       16%        N/A       11%         3
e - Flame Wave            Conj/Fire      16%        2d7       34%         4
f - Sandblast             Erth           32%        2d9       3%          1
g - Momentum Strike       Conj/Tloc      32%        3d8       5%          2
Your spell library was empty.

Dungeon Overview and Level Annotations

Branches:
Dungeon (3/15)

Altars:
Makhleb
Okawaru
Ru
Wu Jian

Shops:
D:3 !(=:?

Portals:
Abyss: D:3

Annotations:
D:3 2 transporters, ledati's ghost, amateur VSEn


Innate Abilities, Weirdness & Mutations

You are immune to sickness and miasma.
You are immune to poison.
Your flesh is very heat resistant. (rF++)
You are vulnerable to cold. (rC-)
You float through the air rather than walking.
You learn spells naturally, not from books.
Your magical power is your life essence.
You have superior vitality. (+4 MHP)


Message History

You block the orc priest's attack.
The foxfire hits the orc priest but does no damage.
Casting: Foxfire (safe; 3% risk of failure)
Confirm with . or Enter, or press ? or * to list all spells.
You conjure some foxfire!
Casting: Foxfire (safe; 3% risk of failure)
Confirm with . or Enter, or press ? or * to list all spells.
You conjure some foxfire!
The foxfire hits the orc priest.
The orc priest is moderately wounded.
The foxfire hits the orc priest but does no damage.
The orc priest is moderately wounded.
The foxfire hits the orc but does no damage.
The orc priest hits you with a +0 mace.
The orc priest attacks as you move away!
You block the orc priest's attack.
Casting: Foxfire (safe; 3% risk of failure)
Confirm with . or Enter, or press ? or * to list all spells.
You conjure some foxfire!
The orc priest mumbles some strange prayers to Beogh against you.
Pain shoots through your body!
Casting: Foxfire (safe; 3% risk of failure)
Confirm with . or Enter, or press ? or * to list all spells.
There is not enough space to conjure foxfire!
Unknown command.
You barely miss the orc priest.
The orc priest is moderately wounded.
The foxfire hits the orc priest.
The orc priest is heavily wounded.
The foxfire hits the orc priest but does no damage.
The orc priest is heavily wounded.
The orc hits you but does no damage.
The orc priest calls down the wrath of Beogh upon you.
Beogh smites you!
* * * LOW HITPOINT WARNING * * *
Casting: Foxfire (safe; 3% risk of failure)
Confirm with . or Enter, or press ? or * to list all spells.
You conjure some foxfire!
* * * LOW HITPOINT WARNING * * *
The orc closely misses you. The orc priest hits you with a +0 mace!
You die...

##†...)## ##'##
#.......#####...##
#...∩o....##.....##
#...o...#.#.....>.#
##.....##.........#
##...##.+........#
#....# #........#
#####.#.#
##.......#
##.v@###.#
##.....##
#..vooo..# ##...##
#.#.#.#### ##'##
#..∩..# #)# ###.###
######.#### #.#
#.......... #.#
#.###....#' #.#
#.##.....#∩ #.#
#........##


You could see an orc priest (ally target) and 2 orcs.

Vanquished Creatures
  A howler monkey (D:3)
  2 adders (D:3)
  A dart slug (D:2)
  A ball python (D:1)
  8 bats
  3 endoplasms
  7 goblins
  7 hobgoblins
  2 frilled lizards
  5 kobolds
  4 rats
41 creatures vanquished.

Vanquished Creatures (others)
  85 foxfires
85 creatures vanquished.

Grand Total: 126 creatures vanquished

Notes
Turn   | Place    | Note
-------+----------+-------------------------------------------
     0 | D:1      | Elsrick the Djinni Fire Elementalist began the quest for
                  | the Orb.
     0 | D:1      | Elsrick set off with the following spells memorised:
                  | Foxfire, Scorch, Volatile Blastmotes, Inner Flame, Flame
                  | Wave.
     0 | D:1      | Reached XP level 1. HP: 15/15 MP: 0/0
   140 | D:1      | Reached XP level 2. HP: 20/21 MP: 0/0
   578 | D:2      | Reached skill level 3 in Spellcasting
   584 | D:2      | Reached XP level 3. HP: 15/25 MP: 0/0
   584 | D:2      | Learned a level 1 spell: Sandblast
  1262 | D:3      | Found a transporter.
  1264 | D:3      | Found a transporter.
  1271 | D:3      | Noticed a toenail golem
  1376 | D:3      | Reached XP level 4. HP: 24/31 MP: 0/0
  1414 | D:3      | Found a sacrificial altar of Ru.
  1415 | D:3      | Found a burning altar of Makhleb.
  1428 | D:3      | Found an ornate altar of the Wu Jian Council.
  1444 | D:3      | Became a worshipper of Makhleb the Destroyer
  1450 | D:3      | Found an iron altar of Okawaru.
  1501 | D:3      | Found Jiriduocw's Magic Scroll Boutique.
  1515 | D:3      | Found a faded altar of an unknown god.
  1575 | D:3      | Found Rocaoczoxism's Book Shoppe.
  1606 | D:3      | Reached XP level 5. HP: 35/35 MP: 0/0
  1606 | D:3      | Learned a level 2 spell: Momentum Strike
  1727 | D:3      | Found a one-way gate to the infinite horrors of the Abyss.
  1727 | D:3      | Noticed ledati's ghost (amateur VSEn)
  1771 | D:3      | Found Ciyghix's Jewellery Boutique.
  1820 | D:3      | Found Myule's Distillery.
  1834 | D:3      | Found Ymistaho's Weapon Emporium.
  1857 | D:3      | Slain by an orc priest

Illustrated notes

Levels and vault maps discovered:
D:1:      dpeg_arrival_pond, layout_rooms
D:2:      layout_basic
D:3:      layout_loops_corners, chequers_temple_overflow_minitemple,
          grunt_temple_overflow_open, lightli_temple_of_fire, serial_shops,
          nicolae_shop_bloodbath_and_beyond, nicolae_shop_window_shopping,
          nicolae_shop_crystal, nicolae_shop_crystal,
          nicolae_shop_advertising_works [nicolae_subvault_shop_adworks],
          gammafunk_ghost_abyssal_escape,
          shapermc_ecumenical_altar_starsandcircs

Skill      XL: |  1  2  3 |
---------------+----------+-----
Spellcasting   | 3 |  3.6
Stealth        | 2 |  2.1
Fighting       | |  0.1
Polearms       | |  0.4
Dodging        | |  2.8
Shields        | |  0.1

Action                     |  1- 3 |  4- 6 || total
---------------------------+-------+-------++-------
  Melee: Spear             |    15 |     9 ||    24
   Cast: Foxfire           |    44 |    10 ||    54
         Scorch            |     3 |     2 ||     5
    Use: Scroll            |       |     4 ||     4
   Stab: Sleeping          |     1 |       ||     1
 Armour: Robe              |     6 |     5 ||    11
  Dodge: Dodged            |    18 |     7 ||    25
  Block: Other             |     5 |     4 ||     9

Table legend: (Time is in decaauts)
 A = Elapsed time spent in this place.
 B = Non-inter-level travel time spent in this place.
 C = Inter-level travel time spent in this place.
 D = Time resting spent in this place.
 E = Time spent auto-exploring this place.
 F = Levels seen in this place.
 G = Mean time per level.
                   A        B        C        D        E       F      G
               +--------+--------+--------+--------+--------+-----+--------+
         Total |   1858 |   1813 |     45 |     83 |   1122 |   3 |  619.3 |
       Dungeon |   1858 |   1813 |     45 |     83 |   1122 |   3 |  619.3 |
               +--------+--------+--------+--------+--------+-----+--------+

Top non-repeatable levels by time:
     D:2: 784 daAuts
     D:3: 665 daAuts
     D:1: 408 daAuts
